 Dungeon Crawl Stone Soup version 0.32-a0-913-g739538afd8 (webtiles) character file.

Game seed: 2743213596991192115

32151 Bediveer the Marksvampire (level 13, -13/98 HPs)
             Began as a Vampire Hunter on Apr 9, 2024.
             Was an Initiate of Gozag.
             Mangled by a death yak (20 damage)
             ... on level 5 of the Lair of Beasts.
             The game lasted 00:18:09 (15325 turns).

Bediveer the Marksvampire (Vampire Hunter)         Turns: 15325, Time: 00:18:10

Health: -13/98     AC:  9    Str: 10    XL:     13   Next: 29%
Magic:  13/13      EV: 18    Int: 12    God:    Gozag
Gold:   1205       SH:  0    Dex: 28    Spells: 12/12 levels left

rFire   . . .        E - +9 arbalest
rCold   . . .        (shield currently unavailable)
rNeg    . . .        c - +0 leather armour
rPois   .            D - +2 hat
rElec   .            x - +0 cloak
rCorr   .            w - +0 pair of gloves
SInv    +            L - +1 pair of boots
Will    +....        (no amulet)
Stlth   ++           l - +4 ring of slaying
HPRegen 0.56/turn    t - +6 ring of dexterity
MPRegen 0.13/turn

%: random rage (3%)
@: gold aura, healing quickly
A: alive, fangs 3, see invisible, vampiric 2, berserk 1
a: Exsanguinate, Renounce Religion, Potion Petition, Call Merchant, Bribe Branch


You were on level 5 of the Lair of Beasts.
You worshipped Gozag.
Gozag was most pleased with you.
You visited 3 branches of the dungeon, and saw 18 of its levels.

You collected 2705 gold pieces.
You spent 721 gold pieces at shops.
You paid 779 gold pieces to Gozag.

Inventory:

Hand Weapons
 E - a +9 arbalest (weapon)
Missiles
 v - 8 curare-tipped darts (quivered)
Armour
 c - a +0 leather armour (worn)
 w - a +0 pair of gloves (worn)
 x - a +0 cloak (worn)
 D - a +2 hat (worn)
 L - a +1 pair of boots (worn)
Jewellery
 j - an amulet of faith
 l - a +4 ring of slaying (left hand)
 t - a +6 ring of dexterity (right hand)
Wands
 a - a wand of roots (5)
 b - a wand of polymorph (36)
 q - a wand of light (5)
 A - a wand of digging (5)
 I - a wand of charming (6)
Scrolls
 e - 4 scrolls of poison
 g - 3 scrolls of fog
 i - 2 scrolls of teleportation
 m - a scroll of amnesia
 n - 5 scrolls of vulnerability
 p - 2 scrolls of immolation
 z - a scroll of enchant weapon
 F - 2 scrolls of fear
 K - a scroll of silence
Potions
 d - 2 potions of ambrosia
 f - 2 potions of mutation
 h - 2 potions of heal wounds
 k - 2 potions of brilliance {unknown}
 o - 7 potions of curing
 r - 3 potions of degeneration {unknown}
 s - a potion of might {unknown}
 u - 2 potions of attraction {unknown}
 B - 3 potions of enlightenment {unknown}
 C - a potion of berserk rage {unknown}
 J - a potion of lignification
Miscellaneous
 y - a box of beasts


   Skills:
 + Level 7.7 Fighting
 * Level 17.2 Ranged Weapons
 - Level 8.0 Dodging
 - Level 1.5 Stealth


You had 12 spell levels left.
You didn't know any spells.
Your spell library contained the following spells:

 Spells                   Type           Power      Damage    Failure   Level
 Apportation              Tloc           0%         N/A       41%         1
 Magic Dart               Conj           0%         1d3       41%         1
 Necrotise                Necr           0%         1d4       41%         1
 Sandblast                Erth           0%         2d4       41%         1
 Shock                    Conj/Air       0%         1d3       41%         1
 Sting                    Conj/Alch      0%         1d3       41%         1
 Summon Small Mammal      Summ           0%         N/A       41%         1
 Call Imp                 Summ           0%         N/A       56%         2
 Searing Ray              Conj           0%         2d4       56%         2
 Sublimation of Blood     Necr           0%         N/A       56%         2
 Fugue of the Fallen      Necr           0%         N/A       80%         3
 Ozocubu's Armour         Ice            0%         N/A       80%         3
 Stone Arrow              Conj/Erth      0%         3d7       80%         3
 Swiftness                Air            0%         N/A       80%         3
 Airstrike                Air            0%         2d(0-16)  99%         4
 Brom's Barrelling Bould  Conj/Erth      0%         2d3       99%         4
 Fulminant Prism          Conj/Alch      0%         3d5       99%         4
 Summon Blazeheart Golem  Fire/Summ      0%         N/A       99%         4
 Conjure Ball Lightning   Conj/Air       0%         3x3d6     100%        6
 Sculpt Simulacrum        Ice/Alch       0%         N/A       100%        6
 Manifold Assault         Tloc           0%         N/A       100%        7
 Orb of Destruction       Conj           0%         9d5       100%        7
 Ozocubu's Refrigeration  Ice            0%         4d7       100%        7
 Spellforged Servitor     Conj/Summ      0%         N/A       100%        7
 Summon Hydra             Summ           0%         N/A       100%        7
 Discord                  Hex            0%         N/A       100%        8
 Disjunction              Tloc           0%         N/A       100%        8
 Polar Vortex             Ice            0%         N/A       100%        9


Dungeon Overview and Level Annotations

Branches:
Dungeon (12/15)            Temple (1/1) D:7            Lair (5/5) D:11
  Swamp (0/4) Lair:3        Snake (0/4) Lair:2        Slime (0/5) Lair:5
    Orc (0/2) D:9

Altars:
Ashenzari
Cheibriados
Dithmenos
Fedhas
Gozag
Hepliaklqana
Kikubaaqudgha
Makhleb
Nemelex Xobeh
Okawaru
Qazlal
Ru
Sif Muna
Trog
Uskayaw
Vehumet
Wu Jian
Xom
Yredelemnul
Jiyva

Shops:
D:1 ?   D:3 (   D:6 ?   D:7 (   Lair:2 (

Annotations:
D:7 2 transporters


Innate Abilities, Weirdness & Mutations

Your natural rate of healing is accelerated.
You have razor-sharp teeth.
You have supernaturally acute eyesight. (SInv)
You are afflicted with vampirism and can become a bat while bloodless.
You sometimes lose your temper in combat.


Message History

The death yak completely misses you. The death yak closely misses you.
Okay, then.
As you read the scroll of fear, it crumbles to dust.
You assume a fearsome visage.
The death yak looks frightened!
The death yak resists with almost no effort.
The death yak misses you.
Fire: E) +9 arbalest
Press: ? - help, Shift-Dir - straight line, f/p - death yak
Aim: a death yak (moderately wounded, 88% to hit)
You shoot a bolt. The bolt barely misses the death yak.
The death yak gores you.
Fire: E) +9 arbalest
Press: ? - help, Shift-Dir - straight line, f/p - death yak
Aim: a death yak (moderately wounded, 88% to hit)
You shoot a bolt. The bolt hits the death yak!!
The death yak is severely wounded.
The death yak misses you.
Fire: E) +9 arbalest
Press: ? - help, Shift-Dir - straight line, f/p - death yak
Aim: a death yak (severely wounded, 88% to hit)
You shoot a bolt.
The bolt completely misses the death yak.
The death yak gores you!!
* * * LOW HITPOINT WARNING * * *
Fire: E) +9 arbalest
Press: ? - help, Shift-Dir - straight line, f/p - death yak
Aim: a death yak (severely wounded, 88% to hit)
You shoot a bolt. The bolt hits the death yak!
The death yak is almost dead.
The death yak barely misses you.
Fire: E) +9 arbalest
Press: ? - help, Shift-Dir - straight line, f/p - death yak
Aim: a death yak (almost dead, 88% to hit)
You shoot a bolt. The bolt hits the death yak.
The death yak is almost dead.
The death yak gores you!!
* * * LOW HITPOINT WARNING * * *
The death yak gores you!!
You die...
Your body crumbles into a pile of gold.

..........####.........#...
.##...##..##.#.............
..#...#..#..#..............
#.......#.................#
.#.....##...............##.
..#..##..............####
.................#..P#
..######.......P.#...# .##
#.##.....@###.# ## ##
#####Y.# ### #..$# #..#..
####... ###.. ..# ..# ##


You could see a death yak.

Vanquished Creatures
  Snorg (Lair:5)
  2 hydras
  Erica (D:8)
  3 two-headed ogres
  A death yak (Lair:5)
  A skyshark (Lair:5)
  A swamp dragon (Lair:3)
  Maurice (D:7)
  A cyclops (D:11)
  2 black mambas
  5 elephants
  An unseen horror (D:11)
  10 cane toads
  A kobold demonologist (D:11)
  4 komodo dragons
  A troll (D:11)
  Grinder (D:3)
  4 shadows
  4 wyverns
  3 wraiths (D:11)
  56 yaks
  A basilisk (Lair:3)
  6 vampire mosquitoes (D:11)
  Grum (D:8)
  Menkaure (D:6)
  5 nagas (Lair:2)
  20 water moccasins
  A black bear (D:5)
  A swamp drake (Lair:3)
  4 orc warriors
  An ogre (D:4)
  3 ice beasts
  10 wolves
  4 centaurs
  2 phantoms
  A kobold brigand (D:8)
  9 bullfrogs
  3 scorpions
  5 wights
  11 killer bees
  2 electric eels (Lair:5)
  5 howler monkeys
  A jelly (D:5)
  6 orc priests
  2 hounds (D:5)
  An iron imp (D:6)
  2 bombardier beetles (D:5)
  Jessica (D:3)
  2 sleepcaps
  9 iguanas
  7 orc wizards
  Natasha (twice) (D:2)
  3 gnolls
  9 adders
  2 white imps
  2 ufetubi (D:5)
  A ribbon worm (D:2)
  4 dart slugs
  22 orcs
  8 endoplasms
  A giant cockroach (D:2)
  5 goblins
  6 hobgoblins
  17 kobolds
  2 quokkas (D:3)
  6 ball pythons
  3 bats (D:1)
  A frilled lizard (D:2)
  7 rats
332 creatures vanquished.

Notes
Turn   | Place    | Note
-------+----------+-------------------------------------------
     0 | D:1      | Bediveer the Vampire Hunter began the quest for the Orb.
     0 | D:1      | Reached XP level 1. HP: 16/16 MP: 1/1
    70 | D:1      | Reached XP level 2. HP: 21/22 MP: 2/2
   132 | D:1      | Found Bajed's Magic Scroll Shoppe.
   382 | D:2      | Gained mutation: You are afflicted with vampirism and can
                  | become a bat while bloodless. [Vampire growth]
   382 | D:2      | Reached XP level 3. HP: 27/27 MP: 3/3
   444 | D:2      | Reached skill level 4 in Ranged Weapons
   724 | D:2      | Noticed Natasha
   731 | D:2      | Killed Natasha
   732 | D:2      | Reached XP level 4. HP: 34/34 MP: 4/4
   944 | D:2      | Noticed Natasha
   949 | D:2      | Killed Natasha
  1143 | D:2      | You fall into a shaft and drop 2 floors!
  1163 | D:4      | Found an ancient bone altar of Kikubaaqudgha.
  1312 | D:4      | Reached XP level 5. HP: 37/41 MP: 5/5
  1635 | D:3      | Found Wamoov's Antique Weapon Emporium.
  1685 | D:3      | Noticed Jessica
  1686 | D:3      | Killed Jessica
  1687 | D:3      | Reached skill level 5 in Ranged Weapons
  1747 | D:3      | Noticed Grinder
  1762 | D:3      | Killed Grinder
  1763 | D:3      | Reached skill level 6 in Ranged Weapons
  1763 | D:3      | Reached XP level 6. HP: 38/47 MP: 6/6
  2270 | D:4      | HP: 1/47 [phantom (4)]
  2302 | D:4      | Reached XP level 7. HP: 18/52 MP: 7/7
  2502 | D:4      | Reached skill level 7 in Ranged Weapons
  2578 | D:4      | Found a broken altar of Ashenzari.
  2802 | D:5      | Entered Level 5 of the Dungeon
  3098 | D:5      | Reached skill level 8 in Ranged Weapons
  3217 | D:5      | Reached XP level 8. HP: 31/58 MP: 8/8
  3526 | D:5      | Reached skill level 9 in Ranged Weapons
  3999 | D:6      | Found an iron altar of Okawaru.
  4030 | D:6      | Found a burning altar of Makhleb.
  4264 | D:6      | Found Leuddas's Magic Scroll Boutique.
  4413 | D:6      | Found a blossoming altar of Fedhas.
  4531 | D:6      | Reached skill level 10 in Ranged Weapons
  4689 | D:6      | Noticed Menkaure
  4691 | D:6      | Killed Menkaure
  4764 | D:7      | Reached XP level 9. HP: 63/63 MP: 9/9
  4781 | D:7      | Found a basalt altar of Yredelemnul.
  4792 | D:7      | Found a transporter.
  4809 | D:7      | Found a transporter.
  4869 | D:7      | Found Galuj's Weapon Shop.
  4987 | D:7      | Found a staircase to the Ecumenical Temple.
  5003 | Temple   | Entered the Ecumenical Temple
  5064 | D:7      | Noticed Maurice
  5071 | D:7      | Maurice stole an amulet of faith
  5075 | D:7      | Killed Maurice
  5076 | D:7      | Reached skill level 11 in Ranged Weapons
  5234 | D:7      | Found a bloodstained altar of Trog.
  5690 | D:8      | Noticed Grum
  7174 | D:8      | Noticed Erica
  7248 | D:8      | Killed Erica
  7249 | D:8      | Reached skill level 12 in Ranged Weapons
  7249 | D:8      | Reached XP level 10. HP: 8/70 MP: 10/10
  7370 | D:8      | Killed Grum
  7390 | D:8      | Noticed a two-headed ogre
  7397 | D:8      | Killed a two-headed ogre
  7671 | D:8      | Found a sacrificial altar of Ru.
  7730 | D:9      | Found a shimmering altar of Xom.
  7738 | D:9      | Reached skill level 13 in Ranged Weapons
  7962 | D:9      | Found a sparkling altar of Nemelex Xobeh.
  8055 | D:9      | Found an opulent altar of Gozag.
  8077 | D:9      | Became a worshipper of Gozag Ym Sagoz the Greedy
  8246 | D:9      | Found a staircase to the Orcish Mines.
  8318 | D:9      | Noticed a two-headed ogre
  8324 | D:9      | Killed a two-headed ogre
  8560 | D:10     | Entered Level 10 of the Dungeon
  8609 | D:10     | Reached skill level 14 in Ranged Weapons
  8845 | D:10     | Reached XP level 11. HP: 51/75 MP: 11/11
  8972 | D:10     | Noticed a two-headed ogre
  8988 | D:10     | Killed a two-headed ogre
  9628 | D:11     | Found a staircase to the Lair.
  9842 | D:7      | Bought a +9 arbalest for 721 gold pieces
 10048 | D:11     | Reached skill level 15 in Ranged Weapons
 10718 | Lair:1   | Entered Level 1 of the Lair of Beasts
 10917 | Lair:1   | Found a hide-covered altar of Uskayaw.
 11605 | Lair:2   | Reached skill level 5 in Dodging
 11705 | Lair:2   | Reached XP level 12. HP: 85/85 MP: 12/12
 11707 | Lair:2   | Reached skill level 5 in Fighting
 12074 | Lair:2   | Reached skill level 16 in Ranged Weapons
 12153 | Lair:2   | Found a staircase to the Snake Pit.
 12517 | Lair:3   | Noticed a four-headed hydra
 12521 | Lair:3   | Killed a four-headed hydra
 12827 | Lair:3   | Found a staircase to the Swamp.
 13609 | Lair:4   | Identified the +1 scale mail of Temperance {rF+}
 14180 | Lair:5   | Entered Level 5 of the Lair of Beasts
 14186 | Lair:5   | Noticed a six-headed hydra
 14540 | Lair:5   | Found a staircase to the Slime Pits.
 14540 | Lair:5   | Found a viscous altar of Jiyva.
 14546 | Lair:5   | Noticed Snorg
 14591 | Lair:5   | Killed Snorg
 14629 | Lair:5   | Identified the +3 chain mail of Quantum Leap {Dex+2 Stlth+}
 14807 | Lair:5   | Reached XP level 13. HP: 86/96 MP: 13/13
 15177 | Lair:5   | Reached skill level 17 in Ranged Weapons
 15319 | Lair:5   | Gained mutation: You sometimes lose your temper in combat.
                  | [potion of mutation]
 15325 | Lair:5   | Mangled by a death yak

Illustrated notes

Levels and vault maps discovered:
D:1:      dpeg_arrival_rhombus, layout_basic, serial_shops, shop
D:2:      layout_basic, uniq_natasha
D:3:      layout_basic, serial_shops, shop, minmay_stone_trees_small,
          uniq_jessica, uniq_grinder
D:4:      layout_basic, mainiacjoe_overflow_alcove_4, lemuel_round_altar,
          mainiacjoe_overflow_cross_hatched, grunt_ministairs_14
D:5:      layout_loops_ring, minivault_5, minmay_circle_x
D:6:      layout_basic, demons_altar, okawaru_metal_pillars_1_2,
          mainiacjoe_overflow_catwalk, serial_library_hellmonk_reading_circle,
          nicolae_take_the_stairs, uniq_menkaure
D:7:      layout_basic, elyvilon_altar_4, general_overflow_altar,
          mainiacjoe_overflow_paths, lemuel_tele_altar,
          minmay_temple_entry_waves, serial_shops, shop, uniq_maurice
D:8:      layout_cave_pools, kennysheep_mini, uniq_grum, uniq_erica
D:9:      layout_loops_ring, nicolae_gozag_cash_rules_everything_around_me,
          tgw_xom, overflow_temple_1_default, orc_david_3
D:10:     layout_loops_ring, serial_glass, glass_columns_b, glass_columns_a
D:11:     minmay_angry_zag, layout_grid_maze, lair_entry_dummy,
          serial_park_tiny_pond
D:12:     layout_cave_pods
Temple:   hellmonk_temple_two_chambers
Lair:1:   layout_gridlike, basic_altar, grunt_megastairs_5
Lair:2:   layout_roguey, minmay_snake_entry_guardpost_medium
Lair:3:   layout_loops_ring, mainiacjoe_swamp_entry_lozenge_pond,
          serial_bayou_shore_b
Lair:4:   layout_regular_city, lookout_lair_type
Lair:5:   evilmike_catoblepas_cave, layout_cave_pods, slime_entry_1,
          serial_bayou_lagoon_b, lemuel_fruit_fields, serial_bayou_shore_b,
          grunt_megastairs_2, infiniplex_staircase_pool_2, uniq_snorg

Skill      XL: |  1  2  3  4  5  6  7  8  9 10 11 12 13 |
---------------+----------------------------------------+-----
Fighting       | 2 3 4 7 |  7.7
Ranged Weapons | 4 6 8 10 12 14 15 16 17 | 17.2
Dodging        | 5 7 8 |  8.0
Stealth        | |  1.5

Action                     |  1- 3 |  4- 6 |  7- 9 | 10-12 | 13-15 || total
---------------------------+-------+-------+-------+-------+-------++-------
   Fire: Shortbow          |    95 |   131 |   243 |   174 |       ||   643
         Orcbow            |       |       |       |     2 |       ||     2
         Arbalest          |       |       |       |   302 |    99 ||   401
  Throw: Dart              |       |       |     1 |     5 |     1 ||     7
 Invoke: Call Merchant     |       |       |       |     1 |       ||     1
  Evoke: Wand              |       |       |     5 |     4 |       ||     9
    Use: Scroll            |       |     8 |     4 |     7 |     2 ||    21
         Potion            |       |       |     5 |     1 |     1 ||     7
 Armour: Leather armour    |    24 |    41 |   119 |   128 |    40 ||   352
         Skin              |       |       |    20 |       |       ||    20
  Dodge: Dodged            |    32 |    36 |    96 |   112 |    44 ||   320

Table legend: (Time is in decaauts)
 A = Elapsed time spent in this place.
 B = Non-inter-level travel time spent in this place.
 C = Inter-level travel time spent in this place.
 D = Time resting spent in this place.
 E = Time spent auto-exploring this place.
 F = Levels seen in this place.
 G = Mean time per level.
                   A        B        C        D        E       F      G
               +--------+--------+--------+--------+--------+-----+--------+
         Total |  15591 |  14822 |    769 |   2294 |  10420 |  18 |  866.2 |
       Dungeon |  10912 |  10268 |    644 |   1537 |   7254 |  12 |  909.3 |
        Temple |     11 |      0 |     11 |      0 |      0 |   1 |   11.0 |
          Lair |   4666 |   4553 |    113 |    757 |   3166 |   5 |  933.2 |
               +--------+--------+--------+--------+--------+-----+--------+

Top non-repeatable levels by time:
     D:7: 1818 daAuts
     D:8: 1287 daAuts
     D:5: 1175 daAuts
     D:4: 1078 daAuts
    D:11: 1075 daAuts
  Lair:5: 1033 daAuts
    D:10: 1016 daAuts
  Lair:3: 954 daAuts
  Lair:2: 931 daAuts
  Lair:1: 887 daAuts
  Lair:4: 859 daAuts
     D:2: 845 daAuts
     D:9: 838 daAuts
     D:6: 797 daAuts
     D:3: 648 daAuts
